Cogmind - Beta 12 @@@ ROGUE MODE // 2023.12.26 @ 23:30:58 Player: didyousaycookie Result: Destroyed by D-53 Grenadier with Mini Grenade Launcher Performance ------------- Evolutions (0) 0 Regions Visited (2) 400 Robots Destroyed (16) 80 Value Destroyed (236) 236 Prototype IDs (2) 40 Alien Tech Used (0) 0 Bonus (0) 0 TOTAL SCORE: 756 Bonus ------- None Cogmind --------- Core Integrity 0/250 Matter 290/300 Energy 100/100 System Corruption 0% Temperature Cool (0) Movement Core (200) Ox3 Location -10/Mines Parts ------- > --- POWER (1) -------- (None) > --- PROPULSION (2) --- (None) > --- UTILITY (2) ------ Medium Storage Unit Structural Scanner > --- WEAPON (2) ------- Light Assault Rifle > --- INVENTORY (10) --- Aluminum Leg Aluminum Leg Improved Heat Sink EM Pulse Gun Light Assault Rifle Light Assault Rifle Light Assault Rifle Mining Laser Makeshift Axe Peak State ------------ > --- POWER ------------ Light Ion Engine > --- PROPULSION ------- Aluminum Leg Aluminum Leg > --- UTILITY ---------- Medium Storage Unit Structural Scanner > --- WEAPON ----------- Assault Rifle Light Assault Rifle > --- INVENTORY -------- Aluminum Leg Improved Heat Sink EM Pulse Gun Light Assault Rifle Light Assault Rifle Light Assault Rifle Mining Laser Makeshift Axe [Rating: 8] Favorites ----------- Power Light Ion Engine Engine Light Ion Engine Propulsion Aluminum Leg Leg Aluminum Leg Utility Structural Scanner Device Structural Scanner Storage Small Storage Unit Weapon Light Assault Rifle Energy Gun Small Laser Ballistic Gun Light Assault Rifle Build | -11 -10 -10 ------- Run | Jun Mat Min Slots Evolved . | . . . Power . | . . . Propulsion . | . . . Utility . | . . . Weapon . | . . . Parts Attached 24 | 6 13 5 Power 5 | 1 3 1 Engine 5 | 1 3 1 Core . | . . . Reactor . | . . . Propulsion 6 | 2 1 3 Treads . | . . . Leg 6 | 2 1 3 Wheel . | . . . Hover . | . . . Flight . | . . . Utility 3 | 1 2 . Device 1 | . 1 . Storage 2 | 1 1 . Processor . | . . . Hackware . | . . . Protection . | . . . Artifact . | . . . Weapon 10 | 2 7 1 Energy Gun 1 | 1 . . Energy Cannon . | . . . Ballistic Gun 9 | 1 7 1 Ballistic Cannon . | . . . Launcher . | . . . Special Weapon . | . . . Impact Weapon . | . . . Slashing Weapon . | . . . Piercing Weapon . | . . . Special Melee Weapon . | . . . Unidentified Prototypes . | . . . Parts Lost 7 | . . 7 Power 2 | . . 2 Propulsion 4 | . . 4 Utility . | . . . Weapon 1 | . . 1 Highest Loss Streak 4 | . . 4 To Critical Strikes . | . . . Average Slot Usage (%) 93 | . 93 94 Engine 13 | . 13 12 Leg 26 | . 27 24 Device 9 | . 8 14 Storage 14 | . 14 14 Energy Gun 1 | . 1 . Ballistic Gun 26 | . 26 27 Naked Turns . | . . . Heaviest Build 17 | 12 17 17 Greatest Support 20 | 20 20 20 Greatest Overweight (x) 4 | 1 . 4 Average Overweight (x) . | . . . Largest Inventory Capacity 10 | 8 10 10 Average Capacity 8 | 7 8 10 Most Carried 9 | 4 9 9 Average Carried 7 | 2 7 7 Final Capacity 10 | 8 10 10 Final Carried 9 | 4 7 9 Class Distribution -------------------- 79% | Mutant 20% | Scavenger-Mutant Dominant Class ---------------- Mutant | -10/Materials Scavenger-Mutant | -10/Mines Resources | -11 -10 -10 ----------- Run | Jun Mat Min Matter Collected 494 | 246 122 126 Remotely . | . . . Salvage Created 339 | . 193 146 Parts 32 | . 22 10 Haulers Intercepted . | . . . Recyclers Shooed 2 | . 2 . Parts Field Recycled . | . . . Retrieved Matter . | . . . Parts Self-Destructed . | . . . Prevented . | . . . Kills | -11 -10 -10 ------- Run | Jun Mat Min Combat Hostiles Destroyed 15 | . 10 5 Guns 15 | . 10 5 Classes Destroyed 3 | . 3 . Worker 1 | . 1 . Swarmer 12 | . 9 3 Grunt 3 | . 1 2 Best Kill Streak 4 | . 4 3 Combat Bots Only 3 | . 3 3 Max Kills in Single Turn 2 | . 2 2 Gunslinging 1 | . 1 1 Exploded . | . . . Melee . | . . . Uniques/NPCs Destroyed . | . . . Combat | -11 -10 -10 -------- Run | Jun Mat Min Damage Taken 891 | . 315 576 Core 252 | . 62 190 Absorbed by Shields . | . . . Core Remaining (%) 100 | 100 . . Volleys Fired 43 | . 27 16 Largest 2 | . 2 2 Hottest 60 | . 60 40 Shots Fired 86 | . 54 32 Gun 86 | . 54 32 Cannon . | . . . Launcher . | . . . Special . | . . . Kinetic 76 | . 44 32 Thermal 10 | . 10 . Explosive . | . . . Electromagnetic . | . . . Robot Hit Streak 7 | . 7 6 Robot Miss Streak 8 | . 8 3 Penetration Max . | . . . Secondary Targets 3 | . 2 1 Max Gunslinging Chain 1 | . 1 1 Shots Hit Robots 43 | . 26 17 Core Hits 25 | . 18 7 Critical Kills 1 | . 1 . Critical Parts Destroyed 1 | . . 1 Critical Strikes 2 | . 1 1 Destroy 2 | . 1 1 Melee Attacks . | . . . Impact . | . . . Slashing . | . . . Piercing . | . . . Sneak Attacks . | . . . Combat Hostiles . | . . . Follow-up Attacks . | . . . Damage Inflicted 420 | . 235 185 Guns 413 | . 230 183 Cannons . | . . . Explosions . | . . . Melee . | . . . Ramming 7 | . 5 2 Kinetic 348 | . 165 183 Thermal 65 | . 65 . Explosive . | . . . Electromagnetic . | . . . Impact . | . . . Slashing . | . . . Piercing . | . . . Highest Corruption . | . . . Average Corruption . | . . . Corruption Purged . | . . . Corruption Blocked . | . . . Overload Shots . | . . . Overflow Damage . | . . . Projectiles . | . . . Explosions . | . . . Melee . | . . . Knockbacks . | . . . Impact . | . . . Kinetic . | . . . Secondary . | . . . Self-Inflicted Damage . | . . . Shots . | . . . Rammed . | . . . Targets Rammed 2 | . 1 1 Kicked 2 | . 1 1 Crushed . | . . . Highest Temperature 40 | . 40 34 Average Temperature 19 | . 21 15 Received Heat Transfer 90 | . 6 84 Siege Activations . | . . . Robots Corrupted . | . . . Combat Hostiles . | . . . Parts Fried . | . . . Impact Corruptions . | . . . Robots Melted . | . . . Combat Hostiles . | . . . Parts Melted . | . . . Heat Transferred 150 | . 150 . Parts Sabotaged . | . . . Parts Stolen . | . . . Parts Stripped . | . . . Power Chain Reactions . | . . . Missiles Intercepted . | . . . Alert | -11 -10 -10 ------- Run | Jun Mat Min Peak Influence 295 | . 295 135 Initial . | . . . Average 83 | . 76 116 Maximum Alert Level 1 | . 1 . Low Security (%) 94 | 100 92 100 Level 1 5 | . 7 . Level 2 . | . . . Level 3 . | . . . Level 4 . | . . . Level 5 . | . . . High Security . | . . . Max Security . | . . . Squads Dispatched . | . . . Investigation . | . . . Extermination . | . . . Reinforcement . | . . . Assault . | . . . Garrison . | . . . Intercept . | . . . Searches Triggered . | . . . Construction Impeded . | . . . Haulers Reinforced . | . . . Active Scanning Responses . | . . . Cargo Convoy Interrupts . | . . . Stealth | -11 -10 -10 --------- Run | Jun Mat Min Distress Signals 1 | . 1 . Communications Jammed . | . . . Distress Signals . | . . . Times Spotted 32 | . 23 9 Peak Tracking Total 6 | . 6 4 Tactical Retreats 1 | . 1 . Traps | -11 -10 -10 ------- Run | Jun Mat Min Traps Triggered 3 | . 3 . Indirectly . | . . . Trap Hack Attempts . | . . . Triggered . | . . . Disarmed . | . . . Reprogrammed . | . . . Reused . | . . . Traps Extracted . | . . . Installed . | . . . Triggered . | . . . Machines | -11 -10 -10 ---------- Run | Jun Mat Min Machines Disabled . | . . . Max in Single Turn . | . . . Machines Repaired . | . . . Machines Sabotaged . | . . . Overloaded Fab Kills . | . . . Hacking | -11 -10 -10 --------- Run | Jun Mat Min Machines Accessed 9 | . 8 1 Terminals 8 | . 7 1 Fabricators . | . . . Repair Stations . | . . . Recycling Units 1 | . 1 . Scanalyzers . | . . . Garrison Access . | . . . Total Hacks 21 | . 18 3 Successful 10 | . 9 1 Failed 11 | . 9 2 Catastrophic 2 | . 1 1 Database Lockouts . | . . . Manual 11 | . 8 3 Terminals 19 | . 16 3 Fabricators . | . . . Repair Stations . | . . . Recycling Units 2 | . 2 . Scanalyzers . | . . . Garrison Access . | . . . Terminal Hacks 6 | . 6 . Record 1 | . 1 . Prototype ID Bank 1 | . 1 . Branch Access Points 1 | . 1 . Alert Level 1 | . 1 . Unreport Threat 1 | . 1 . Locate Traps 1 | . 1 . Fabricator Hacks . | . . . Repair Station Hacks . | . . . Recycling Unit Hacks 1 | . 1 . Report Inventory 1 | . 1 . Scanalyzer . | . . . Garrison Access Hacks . | . . . Unauthorized Hacks 3 | . 2 1 Terminals 3 | . 2 1 Assimilate 1 | . . 1 Botnet 2 | . 2 . Fabricators . | . . . Repair Stations . | . . . Recycling Units . | . . . Scanalyzers . | . . . Garrison Access . | . . . Data Cores Recovered . | . . . Used . | . . . Hacking Detections 7 | . 6 1 Full Trace Events 1 | . . 1 Feedback Events . | . . . Feedback Blocked . | . . . Robot Schematics Acquired . | . . . Robots Built . | . . . Authchips . | . . . Time . | . . . Total Robot Build Rating . | . . . Part Schematics Acquired . | . . . Parts Built . | . . . Authchips . | . . . Time . | . . . Total Part Build Rating . | . . . Parts Repaired . | . . . Time . | . . . Parts Recycled . | . . . Recycled Matter . | . . . Retrieved Matter . | . . . Retrieved Components . | . . . Parts Scanalyzed . | . . . Part Schematics Acquired . | . . . Parts Damaged . | . . . Bothacking | -11 -10 -10 ------------ Run | Jun Mat Min Used RIF Installer . | . . . Robots Hacked . | . . . Non-combat . | . . . Combat . | . . . Robot Hacks Applied . | . . . Relay Couplers Released . | . . . Fabnet Peak Effective % . | . . . Robots Rewired . | . . . Allies Hacked . | . . . Hacks Repelled . | . . . Allies | -11 -10 -10 -------- Run | Jun Mat Min Total Allies 2 | . . 2 Largest Group 2 | . . 2 Highest-Rated Group 49 | . . 49 Highest-Rated Ally 31 | . . 31 Total Orders . | . . . Ally Attacks 7 | . . 7 Total Damage 22 | . . 22 Kills . | . . . Allies Corrupted . | . . . Allies Melted . | . . . Intel | -11 -10 -10 ------- Run | Jun Mat Min Robot Analysis Total . | . . . Derelict Logs Recovered . | . . . Drone Launches . | . . . Drone Recoveries . | . . . Exploration | -11 -10 -10 ------------- Run | Jun Mat Min Turns Passed 1318 | 57 923 338 Spaces Moved 918 | 35 666 217 Core 11 | 3 . 8 Treads . | . . . Legs 907 | 32 666 209 Wheels . | . . . Hover . | . . . Flight . | . . . Fastest Speed 50 | 50 120 120 Average Speed 121 | 128 120 125 Slowest Speed 250 | 190 120 250 Overloaded Moves . | . . . Propulsion Burnouts . | . . . Robots Hopped . | . . . Cave-ins Triggered . | . . . Exploration Rate (%) 49 | 3 99 45 Regions Visited 2 Branch Regions 1 Pre-discovered Areas . | . . . Known Exits Taken 1 | . 1 . Unknown Exits Taken 1 | 1 . . Scrap Searched 1 | . . 1 Spaces Dug . | . . . Terrain Destroyed . | . . . Melee . | . . . Projectile . | . . . AOE . | . . . Terrain Rammed . | . . . Walls Destroyed . | . . . Machines Disabled . | . . . Actions | -11 -10 -10 --------- Run | Jun Mat Min Total 1040 | 44 744 252 Wait 28 | . 19 9 Move 916 | 34 665 217 Hop . | . . . Pick Up 17 | 4 9 4 Fast Attach 10 | 6 4 . Attach 5 | . 2 3 Detach 1 | . 1 . Swap 9 | . 7 2 Drop 9 | . 9 . Fire 43 | . 27 16 Melee . | . . . Ram . | . . . Kick 2 | . 1 1 Crush . | . . . Escape Stasis . | . . . Rewire . | . . . Trap . | . . . Miscellaneous . | . . . Route ------- -11/Junkyard -10/Materials (discovered 4 exits: [*Mat x3] / *Min) -10/Mines (discovered 3 exits: [*Mat x2] / [*Exi]) History --------- Turn | Location | Event 22 | -11/Junkyard | Discovered new exit (range 16) 58 | -11/Junkyard | Entered Materials 207 | -10/Materials | Discovered new exit (range 8) 310 | -10/Materials | Build established: Mutant 560 | -10/Materials | Discovered new exit (range 13) 574 | -10/Materials | Identified exit to Mines 686 | -10/Materials | Discovered new exit (range 16) 786 | -10/Materials | Discovered new exit (range 15) 981 | -10/Materials | Entered Mines 1030 | -10/Mines | Lost 3 parts (1p2n) 1032 | -10/Mines | Discovered new exit (range 5) 1038 | -10/Mines | Core integrity fell below 50% 1143 | -10/Mines | Deemed a non-threat by the Exiles lab entrance 1143 | -10/Mines | Discovered new exit (range 6) 1174 | -10/Mines | Discovered new exit (range 15) 1200 | -10/Mines | Found a hidden stash of uninstalled traps 1215 | -10/Mines | A weapon hastily lodged in a ceiling crevice suddenly fell to the ground 1266 | -10/Mines | Assembled infested the area 1318 | -10/Mines | Core integrity fell below 20% 1319 | -10/Mines | Destroyed by D-53 Grenadier with Mini Grenade Launcher Last Messages --------------- 01228_ Searching scrap... 01228_ Found Hcp. Matter Pod. 01228_ Found 17 Matter. 01229_ Acquired 17 matter. 01266_ ALERT: Infestation in the mines, dispatching Demolisher response squad. 01279_ Acquired Aluminum Leg. 01302_ C-30 ARC bursts open, deploying its payload. 01302_ D-53 Grenadier unfolds itself. 01302_ T-07 Excavator destroyed. 01305_ Aluminum Leg destroyed. 01307_ The unstable cave ceiling collapses. 01307_ Assault Rifle destroyed. 01307_ Q9-7CC(z) destroyed. 01308_ P5-MYG(g) knocked back. 01309_ Aluminum Leg destroyed. 01311_ as-25633 destroyed. 01311_ as-42317 destroyed. 01315_ P5-MYG(g) destroyed. 01317_ Lgt. Ion Engine destroyed. Map ----- +----------------------------------------------------+ | ?## ##????????????????### ####??##### | | ?## ##????????????????## ####??##### | | ?## ##????????????????### ##??## | | ?## ##?#####??????????##### ##??## ## | | ?## #########??????????#### ##??## ## | | ?## ##### ####??????####### ###### ## | | ?## ####?????####### ###### ## | | ?## ##### ########## ## | | ?## ##### ######### ############## | | ?## #####& ### ############## | | ?## ##### & ### ### ####?????????? | | ?## ##?##& ### ### ###?????????? | | ?## ##?#### ### ##?????????? | | ?## ######## ### ##?????????? | | ?## !###??#### ### ##?????????? | | ?## ############# ##?????????? | | ?#### ############# ###?????????? | | ?#### #### ####?## #####?????????? | | ???##"### ###?### #####??????????? | | ???##%### ##?#### ###????????????? | | ???##"### ##??### ##?????????????? | | ??### ## ###### ###????????????? | | ??### ##### ###????????????? | | ??## d # < ##????????????? | | ?### ### ##????????????? | | ?### # @ # ######?????????? | | ?### ### #######?????????? | | ?### d ########% ##?????????? | | ?## ####### ##?????????? | | ?## ####### ##?????????? | | ?## ###### ]###?????????? | | ?### ##### ###??????????? | | ?#### #### ! ##???????????? | | ??###### ### ##???????????? | | ???##### ##???????????? | | ??????### ##???????????? | | ??????####### ##### !! ###???????????? | | ???????###### ##### ## ###???????????? | | ???????????## ##?## ## ##????????????? | | ???????????# #?## ????????????? | | ??????????? ??## ??????????? | | ???????? ?###########??????????? | | ????????### ############??????????? | | ????????###########????????????????????? | | ?????????##########????????????????????? | | ???????????????????????????????????????? | | ???????????????????????????????????????? | | ???????????????????????????????????????? | | ???????????????????????????????????????? | | ???????????????????????????????????????? | +----------------------------------------------------+ Best States ------------- Heat Dissipation 25 Energy Generation 10 Energy Capacity 250 Matter Stores 300 Matter Capacity 300 Sight Range 16 Terrain Scan Density 10 Evasion (%) 55 Item Schematics ----------------- None Robot Schematics ------------------ None Fabricated ------------ Nothing Alien Tech Used ----------------- None Achievements -------------- None Challenges ------------ None Game ------ Seed CommUltimateConstruct Manual? 0 Play Time 00:14:00 Cumulative 44.5 hours Start 2023.12.26 @ 23:18:53 End 2023.12.26 @ 23:30:58 Sessions 1 Manual Loads 0 Difficulty Rogue Special Mode None Game No. 49 Rogue 49 Adventurer 0 Explorer 0 Win Type - Total 0 Types 0/0/0/0/0/0/0/0/0 Lore% 29 Gallery% 30 Achievement% 23 Wizard Run 0 Options --------- ASCII 0 Keyboard 1 Movement Numpad Keybinds 1 Fullscreen 1 Font 18/SmallcapsGlow Map View 76x50 Tactical HUD 1 Map Filters NONE Filters NONE Steam 1 RUN: 994baa47-a8a8-43bb-8b78-85ca2b53d1e7